AoeStats
← moron

Hill Fort

506235403Analyzed
4v4 RM · 21d ago on Sep 12, 2026· 49m 5s· 8 players
Game mode
Random Map
Map size
Large (8 player)
Population
200
Speed
Normal
Resources
Standard
Victory
Conquest
Starting age
Dark Age
Ending age
Imperial Age
RankedLock teamsTeams togetherTeam positionsShared explorationLock speedFull tech treeHidden civsTurbo modeCheats
Victory
Defeat
🇺🇸 Lithuanians · United States
1414
+13
🇬🇧 Jurchens · United Kingdom
1363
+15
🇲🇽 Persians · Mexico
1354
+16
🇺🇸 Aztecs · United States
1314
+17
🇲🇽 Khmer · Mexico
1401
-17
🇨🇱 Hindustanis · Chile
1356
-16
🇮🇹 Britons · Italy
1325
-14
🇦🇷 Vietnamese · Argentina
1309
-14
Financial Panther
9:11 Feudal Age
11:34 Loom
15:23 Castle Age
13:32 Double-Bit Axe
14:02 Horse Collar
19:06 Wheelbarrow
20:23 Town Watch
24:56 Bloodlines
27:18 Scale Barding Armor
27:23 Forging
28:19 Gold Mining
29:06 Chain Barding Armor
28:58 Husbandry
29:18 Heavy Plow
33:07 Imperial Age
31:34 Stone Mining
32:23 Iron Casting
32:09 Bow Saw
33:38 Fletching
33:48 Padded Archer Armor
34:35 Plate Barding Armor
33:26 Elite Leitis
34:27 Conscription
34:15 Bodkin Arrow
36:08 Elite Skirmisher
37:35 Bracer
37:51 Leather Archer Armor
38:13 Tower Shields
40:01 Chemistry
39:21 Ballistics
39:42 Light Cavalry
41:30 Ring Archer Armor
Bad Panda
6:37 Loom
9:40 Feudal Age
14:57 Castle Age
13:27 Double-Bit Axe
16:05 Bow Saw
18:07 Loom
19:50 Town Watch
22:21 Horse Collar
25:02 Heavy Plow
29:55 Scale Barding Armor
30:01 Forging
31:16 Husbandry
31:27 Bloodlines
32:26 Chain Barding Armor
35:38 Imperial Age
35:17 Iron Casting
35:18 Elite War Elephant
36:18 Conscription
37:08 Plate Barding Armor
39:21 Blast Furnace
38:12 Fletching
40:07 Pikeman
40:47 Squires
41:55 Gambesons
41:56 Arson
42:45 Halberdier
46:21 Scale Mail Armor
49:31 Kamandaran
GENGIS KHAN'T
2:07 Loom
5:13 Loom
10:44 Feudal Age
14:49 Castle Age
13:36 Double-Bit Axe
15:59 Bow Saw
19:52 Scale Mail Armor
22:56 Forging
24:41 Gold Mining
27:12 Squires
31:45 Fletching
35:06 Imperial Age
34:31 Wheelbarrow
33:42 Town Watch
33:46 Elite Skirmisher
34:22 Bodkin Arrow
37:01 Bracer
37:02 Padded Archer Armor
37:33 Atlatl
39:31 Ballistics
40:22 Leather Archer Armor
42:47 Chemistry
42:05 Chain Mail Armor
42:26 Iron Casting
42:30 Eagle Warrior
42:56 Gambesons
42:59 Arson
43:46 Plate Mail Armor
moron
8:59 Loom
9:05 Loom
12:12 Feudal Age
16:36 Castle Age
15:26 Double-Bit Axe
17:11 Horse Collar
21:21 Wheelbarrow
26:26 Stone Mining
29:23 Hand Cart
29:43 Heavy Plow
29:54 Fletching
30:11 Scale Barding Armor
30:16 Forging
32:08 Chain Barding Armor
31:47 Gold Mining
33:36 Bow Saw
36:58 Imperial Age
35:08 Bloodlines
35:12 Husbandry
36:38 Forging
37:14 Gold Shaft Mining
36:56 Bodkin Arrow
38:46 Conscription
38:05 Elite Iron Pagoda
40:13 Plate Barding Armor
40:13 Iron Casting
41:39 Siege Engineers
45:56 Blast Furnace
46:50 Chemistry
46:22 Caravan
47:29 Bracer
Nobody
10:19 Feudal Age
12:24 Wheelbarrow
16:03 Castle Age
15:39 Double-Bit Axe
16:26 Horse Collar
17:02 Bow Saw
17:19 Town Watch
17:23 Loom
17:24 Town Watch
20:13 Stone Mining
26:33 Hand Cart
26:40 Caravan
27:26 Gold Mining
28:05 Scale Barding Armor
28:13 Forging
28:26 Bloodlines
28:16 Husbandry
32:49 Imperial Age
31:34 Iron Casting
31:44 Chain Barding Armor
32:16 Gold Shaft Mining
32:20 Stone Shaft Mining
34:08 Plate Barding Armor
35:00 Blast Furnace
33:59 Elite Battle Elephant
35:31 Conscription
36:06 Tusk Swords
37:27 Light Cavalry
43:48 Hussar
HSL | errik
10:50 Feudal Age
16:20 Castle Age
16:20 Double-Bit Axe
16:17 Horse Collar
17:19 Loom
20:19 Fletching
27:35 Wheelbarrow
27:40 Padded Archer Armor
28:26 Bodkin Arrow
30:00 Ballistics
30:07 Gold Mining
30:09 Stone Mining
34:43 Imperial Age
32:27 Scale Mail Armor
33:24 Leather Archer Armor
32:39 Pikeman
33:19 Squires
33:50 Caravan
35:05 Hand Cart
35:59 Gold Shaft Mining
35:53 Conscription
36:58 Chain Mail Armor
37:01 Forging
37:23 Bow Saw
37:43 Bracer
38:52 Ring Archer Armor
37:56 Halberdier
39:07 Masonry
40:41 Plate Mail Armor
42:01 Iron Casting
41:29 Gambesons
41:04 Man-at-Arms
41:30 Arson
43:16 Chemistry
42:45 Long Swordsman
43:46 Two-Handed Swordsman
46:00 Yeomen
46:49 Elite Longbowman
49:27 Blast Furnace
49:48 Hoardings
Kevincho
9:48 Feudal Age
11:00 Loom
14:57 Castle Age
14:09 Double-Bit Axe
18:38 Bow Saw
18:12 Horse Collar
22:25 Wheelbarrow
22:08 Town Watch
31:30 Imperial Age
29:28 Padded Archer Armor
29:41 Heavy Plow
29:42 Gold Mining
30:31 Ballistics
32:00 Hand Cart
33:10 Chemistry
32:28 Leather Archer Armor
32:27 Grand Trunk Road
32:49 Conscription
34:11 Ring Archer Armor
34:42 Fletching
37:28 Shatagni
37:51 Caravan
38:14 Pikeman
38:54 Squires
43:01 Husbandry
facuescudero2375
9:42 Loom
12:00 Feudal Age
13:02 Double-Bit Axe
17:24 Castle Age
16:02 Horse Collar
16:14 Gold Mining
17:56 Forging
17:52 Scale Barding Armor
18:31 Town Watch
22:11 Heavy Plow
24:05 Bloodlines
26:07 Iron Casting
26:18 Devotion
27:25 Bow Saw
28:40 Chain Barding Armor
29:32 Husbandry
35:33 Imperial Age
33:58 Squires
33:44 Arson
34:02 Scale Mail Armor
35:19 Wheelbarrow
36:13 Chain Mail Armor
35:49 Fletching
36:21 Elite Fire Lancer
37:56 Stone Mining
38:42 Plate Mail Armor
38:07 Bodkin Arrow
39:07 Hand Cart
41:47 Paper Money
47:00 Capped Ram
Connection lost

Rejoining the realm…

Still unreachable

The connection could not be restored.

Session expired

The server has moved on; the page needs a fresh start.